 Dungeon Crawl Stone Soup version 0.26-a0-547-g695e311587 (webtiles) character file.

Game seed: 230067517058157148

184 Aksej the Chopper (level 5, -1/47 HPs)
             Began as a Minotaur Fighter on Aug 20, 2020.
             Slain by Grinder (3 damage)
             ... on level 4 of the Dungeon.
             The game lasted 00:06:23 (2367 turns).

Aksej the Chopper (Minotaur Fighter)                Turns: 2367, Time: 00:06:24

Health: -1/47      AC: 10    Str: 20    XL:     5   Next: 36%
Magic:  4/4        EV:  5    Int:  5    God:
Gold:   143        SH:  9    Dex: 11    Spells: 4/4 levels left

rFire    . . .     SeeInvis .   a - +1 war axe
rCold    . . .     Faith    .   c - +0 kite shield
rNeg     . . .     Spirit   .   k - +0 chain mail
rPois    .         Reflect  .   (helmet restricted)
rElec    .         Harm     .   (no cloak)
rCorr    .                      j - +0 pair of gloves
MR       .....                  (no boots)
Stlth    ..........             (no amulet)
HPRegen  0.15/turn              (no ring)
MPRegen  0.09/turn              (no ring)

@: mighty
A: retaliatory headbutt, horns 2
a: no special abilities


You were on level 4 of the Dungeon.
You visited 1 branch of the dungeon, and saw 4 of its levels.

You collected 143 gold pieces.

Inventory:

Hand Weapons
 a - a +1 war axe (weapon)
Armour
 c - a +0 kite shield (worn)
 j - a +0 pair of gloves (worn)
 k - a +0 chain mail (worn)
Potions
 b - a potion of ambrosia
 e - 2 potions of cancellation
 i - a potion of invisibility


   Skills:
 * Level 4.5 Fighting
 * Level 5.1 Axes
 + Level 4.2 Armour
 + Level 4.5 Shields


You had 4 spell levels left.
You didn't know any spells.
Your spell library contained the following spells:

 Spells                   Type           Power        Failure   Level
 Sting                    Tmut/Pois      #...         100%        1
 Poisonous Vapours        Pois/Air       #.....       100%        2
 Ignite Poison            Fire/Tmut/Pois #.......     100%        3
 Mephitic Cloud           Conj/Pois/Air  #.......     100%        3
 Olgreb's Toxic Radiance  Pois           #.......     100%        4


Dungeon Overview and Level Annotations

Branches:
Dungeon (4/15)
 Temple: D:4-7

Altars:
Kikubaaqudgha
Okawaru

Annotations:
D:4 Grinder


Innate Abilities, Weirdness & Mutations

You reflexively headbutt those who attack you in melee.
You have a pair of horns on your head.


Message History

You barely miss Grinder.
Grinder is moderately wounded.
Grinder hits you but does no damage.
You closely miss Grinder.
Grinder is moderately wounded.
Grinder gestures at you.
You suddenly lose the ability to move!
Grinder hits you.
* * * LOW HITPOINT WARNING * * *
You writhe in agony.
* * * LOW HITPOINT WARNING * * *
Grinder blinks!
Grinder gestures at you. You resist with significant effort.
Grinder hits you but does no damage. Grinder barely misses you.
You can move again.
You closely miss Grinder.
Grinder is moderately wounded.
Grinder hits you.
You die...

#.#.. #.#. ##.#. ###
... ..# #.. #.# #
#.#####.###.#
#.)....5...!###
########......@†......
#........##.##........
#.######.##.#######.##
##.# #.#... #..#
#.#.... #.## #..$....
#.# #..>..... #.#
#.......## #.# ##.


You could see Grinder.

Vanquished Creatures
  2 vampire bats (D:2)
  An adder (D:3)
  3 worms
  2 dart slugs
  3 leopard geckos
  9 orcs (D:3)
  8 bats
  3 bat skeletons (D:2)
  4 bat zombies (D:2)
  3 giant cockroaches
  8 goblins
  5 hobgoblins
  3 quokkas (D:2)
  4 frilled lizards
  4 kobolds
  A leopard gecko zombie (D:3)
  11 rats
74 creatures vanquished.

Notes
Turn   | Place    | Note
-------+----------+-------------------------------------------
     0 | D:1      | Aksej the Minotaur Fighter began the quest for the Orb.
     0 | D:1      | Reached XP level 1. HP: 19/19 MP: 0/0
   193 | D:1      | Reached XP level 2. HP: 27/27 MP: 1/1
   988 | D:2      | Reached XP level 3. HP: 33/33 MP: 2/2
   990 | D:2      | Reached skill level 3 in Axes
  1446 | D:2      | Found an ancient bone altar of Kikubaaqudgha.
  1449 | D:2      | Reached skill level 4 in Axes
  1449 | D:2      | Reached XP level 4. HP: 36/41 MP: 3/3
  1749 | D:3      | Reached XP level 5. HP: 47/47 MP: 4/4
  1993 | D:3      | Reached skill level 5 in Axes
  2099 | D:3      | Found an iron altar of Okawaru.
  2345 | D:4      | Noticed Grinder
  2360 | D:4      | Paralysed by Grinder for 7 turns
  2360 | D:4      | HP: 1/47 [Grinder (3)]
  2367 | D:4      | Slain by Grinder

Illustrated notes

Levels and vault maps discovered:
D:1:      scummos_arrival_simple_fountains, layout_basic
D:2:      minmay_recursive_quarters, layout_basic, kennysheep_vampire_church,
          serial_bayou_lagoon_b
D:3:      layout_loops_ring, okawaru_ov_weapons_minmay, minivault_23,
          due_unseen_surprise
D:4:      layout_loops_ring, old_standard_altar, fedhas_altar_1,
          yredelemnul_forgotten_temple_becter, serial_shops,
          kennysheep_mini_moat, uniq_grinder

Skill      XL: |  1  2  3  4  5 |
---------------+----------------+-----
Fighting       | 4 |  4.5
Shields        | 4 |  4.5
Axes           | 4 5 |  5.1
Armour         | 4 |  4.2

Action                   |  1- 3 |  4- 6 || total
-------------------------+-------+-------++-------
Melee: War axe           |    93 |    65 ||   158
       Headbutt          |    11 |     9 ||    20
  Use: Scroll            |     4 |     4 ||     8
       Potion            |     2 |     2 ||     4
Armor: Scale mail        |     6 |       ||     6
       Chain mail        |    53 |    40 ||    93
Dodge: Dodged            |    26 |    17 ||    43
Block: Kite shield       |    54 |    32 ||    86

Table legend: (Time is in decaauts)
 A = Elapsed time spent in this place.
 B = Non-inter-level travel time spent in this place.
 C = Inter-level travel time spent in this place.
 D = Time resting spent in this place.
 E = Time spent auto-exploring this place.
 F = Levels seen in this place.
 G = Mean time per level.
                   A        B        C        D        E       F      G
               +--------+--------+--------+--------+--------+-----+--------+
         Total |   2416 |   2366 |     50 |      0 |   1866 |   4 |  604.0 |
       Dungeon |   2416 |   2366 |     50 |      0 |   1866 |   4 |  604.0 |
               +--------+--------+--------+--------+--------+-----+--------+

Top non-repeatable levels by time:
     D:2: 991 daAuts
     D:1: 744 daAuts
     D:3: 629 daAuts
     D:4: 50 daAuts
